[Event "ICC tourney 2708 (25 5)"]
[Site "Internet Chess Club"]
[Date "2021.10.16"]
[Round "1"]
[White "AMBROSE FOSTER, JACK:K06-16314407"]
[Black "Daga, Shreyansh:shreyanshdaga"]
[Result "1-0"]
[ICCResult "Black checkmated"]
[WhiteElo "1039"]
[BlackElo "551"]
[Opening "Nimzovich-Larsen attack: modern variation"]
[ECO "A01"]
[NIC "VO.08"]
[Time "11:00:46"]
[TimeControl "1500+5"]

1. b3 e5 2. Bb2 Nc6 3. e3 d5 4. Bb5 Bd7 5. Bxc6 Bxc6 6. Bxe5 Nf6 7. Nf3 Bd6
8. Bb2 O-O 9. d4 Bb4+ 10. Nbd2 Ne4 11. a3 Bxd2+ 12. Nxd2 Nxd2 13. Qxd2 Qg5
14. O-O b6 15. Qc3 Bb7 16. Qxc7 Rab8 17. Qf4 Qe7 18. a4 Ba6 19. Rfe1 Qc7 20.
Qxc7 Rfc8 21. Qxa7 Ra8 22. Qxb6 Rxc2 23. Ba3 Bd3 24. h3 Ra6 25. Qd8#
{Black checkmated}
1-0

[Event "ICC tourney 2708 (25 5)"]
[Site "Internet Chess Club"]
[Date "2021.10.16"]
[Round "1"]
[White "VYAS, ANANDITA:Anavy"]
[Black "KANTEM, SAMANVI:samanvikantem"]
[Result "0-1"]
[ICCResult "White checkmated"]
[WhiteElo "384"]
[BlackElo "929"]
[Opening "Four knights: Italian variation"]
[ECO "C47"]
[NIC "KP.06"]
[Time "11:00:55"]
[TimeControl "1500+5"]

1. e4 e5 2. Nc3 Nc6 3. Nf3 Nf6 4. Bc4 Nxe4 5. Nxe4 d5 6. Bb3 dxe4 7. Qe2
exf3 8. Qxf3 Qd7 9. Qc3 Bd6 10. Qc4 O-O 11. h4 Qf5 12. h5 Be6 13. h6 Bxc4
14. Bxc4 Qg4 15. hxg7 Qxg7 16. d3 Qxg2 17. Rf1 Nd4 18. Be3 Nxc2+ 19. Ke2
Nxa1 20. d4 e4 21. d5 Qf3+ 22. Ke1 Bb4+ 23. Bd2 Nc2# {White checkmated} 0-1

[Event "ICC tourney 2708 (25 5)"]
[Site "Internet Chess Club"]
[Date "2021.10.16"]
[Round "1"]
[White "ADDURI, MANSI:K03-17004388"]
[Black "CAI, WILLIAM:LionsWilliamC"]
[Result "1-0"]
[ICCResult "Black checkmated"]
[WhiteElo "963"]
[BlackElo "540"]
[Opening "Alekhine's defense: Scandinavian variation"]
[ECO "B02"]
[NIC "AL.10"]
[Time "11:01:05"]
[TimeControl "1500+5"]

1. e4 Nf6 2. Nc3 d5 3. e5 d4 4. exf6 dxc3 5. bxc3 exf6 6. Nf3 Bg4 7. h3 Bxf3
8. Qxf3 Qe7+ 9. Be2 Nc6 10. O-O O-O-O 11. d4 Rd6 12. Ba3 Qe6 13. Bxd6 Bxd6
14. Qd3 Re8 15. Bg4 f5 16. Bxf5 Qxf5 17. Qxf5+ Kb8 18. Qxf7 Rf8 19. Qxg7 Rf5
20. Qxh7 Na5 21. Qxf5 Ba3 22. Rac1 Bxc1 23. Qf8# {Black checkmated} 1-0

[Event "ICC tourney 2708 (25 5)"]
[Site "Internet Chess Club"]
[Date "2021.10.16"]
[Round "1"]
[White "TSYBOVSKY, ANTHONY:K03-30024259"]
[Black "VYAS, RUTAM:ruvy"]
[Result "1-0"]
[ICCResult "Black checkmated"]
[WhiteElo "933"]
[BlackElo "432"]
[Opening "Four knights: Spanish variation"]
[ECO "C48"]
[NIC "KP.03"]
[Time "11:00:43"]
[TimeControl "1500+5"]

1. e4 e5 2. Nf3 Nf6 3. Nc3 Nc6 4. Bb5 Be7 5. d4 O-O 6. Bxc6 dxc6 7. Nxe5
Nxe4 8. Nxe4 f6 9. Nf3 Bf5 10. Nc3 Bd6 11. d5 Re8+ 12. Be3 c5 13. O-O c6 14.
Ne2 cxd5 15. Qxd5+ Kf8 16. Qxf5 Re5 17. Qxh7 Ke7 18. Qxg7+ Ke6 19. Nf4+ Kf5
20. Qh7+ Kg4 21. h3# {Black checkmated} 1-0

[Event "ICC tourney 2708 (25 5)"]
[Site "Internet Chess Club"]
[Date "2021.10.16"]
[Round "1"]
[White "NALAMALPU, ASHIKA REDDY:AshikaN"]
[Black "VYAS, SOHUM:sovy"]
[Result "1-0"]
[ICCResult "Black checkmated"]
[WhiteElo "885"]
[BlackElo "224"]
[Opening "Giuoco Piano: four knights variation"]
[ECO "C47"]
[NIC "RG.01"]
[Time "11:01:00"]
[TimeControl "1500+5"]

1. e4 e5 2. Nf3 Nf6 3. Nc3 Nc6 4. Bc4 Bc5 5. a3 O-O 6. O-O b6 7. b4 Bb7 8.
bxc5 bxc5 9. Rb1 Rb8 10. Bd5 d6 11. Bxc6 Bxc6 12. Bb2 Nxe4 13. Nxe4 Bxe4 14.
d3 Bxf3 15. Qxf3 g6 16. Qg3 Re8 17. f4 Kf8 18. f5 Qc8 19. fxg6 hxg6 20. Qxg6
Qe6 21. Rf6 Qe7 22. Rbf1 Rec8 23. Rxf7+ Ke8 24. Rxe7+ Kxe7 25. Qf7+ Kd8 26.
Bc3 Rb7 27. Rf6 Rcb8 28. Ba5 Rb1+ 29. Kf2 R8b2 30. Rxd6+ Kc8 31. Qxc7#
{Black checkmated}
1-0

[Event "ICC tourney 2708 (25 5)"]
[Site "Internet Chess Club"]
[Date "2021.10.16"]
[Round "1"]
[White "MURPHY ZEDLEWSKI, JACK:K01-30079933"]
[Black "KOKA, SAHARSH:saharsh2"]
[Result "0-1"]
[ICCResult "White checkmated"]
[WhiteElo "542"]
[BlackElo "994"]
[Opening "Hungarian defense"]
[ECO "C50"]
[NIC "IG.03"]
[Time "11:00:42"]
[TimeControl "1500+5"]

1. e4 e5 2. Nf3 Nc6 3. Bc4 Be7 4. c3 Nf6 5. d4 exd4 6. cxd4 d5 7. exd5 Nxd5
8. Bxd5 Qxd5 9. Nc3 Qd8 10. d5 Nb8 11. b3 Bg4 12. Bb2 O-O 13. Qe2 Re8 14.
O-O Ba3 15. Qc2 Bxb2 16. Qxb2 Bxf3 17. gxf3 a6 18. Ne4 Qxd5 19. Rad1 Qf5 20.
Rde1 Nc6 21. Re3 Qe5 22. Qxe5 Rxe5 23. Rfe1 Rae8 24. f4 R5e7 25. a3 f5 26.
Ng5 Rxe3 27. Rxe3 Rxe3 28. fxe3 Na5 29. b4 Nc4 30. a4 Nxe3 31. Kf2 Nc2 32.
b5 axb5 33. axb5 Nd4 34. Ke3 Nxb5 35. Ne6 c6 36. Nd4 Nxd4 37. Kxd4 Kf7 38.
Kc5 Kf6 39. Kb6 g5 40. fxg5+ Kxg5 41. Kc5 f4 42. Kd4 b5 43. Kd3 c5 44. Kd2
c4 45. Kd1 f3 46. Ke1 b4 47. Kf2 b3 48. Kxf3 b2 49. Ke4 b1=Q+ 50. Kd5 Qd3+
51. Kc5 c3 52. h4+ Kxh4 53. Kc6 c2 54. Kc7 c1=Q+ 55. Kb7 Qb3+ 56. Ka7 Qa1#
{White checkmated}
0-1

[Event "ICC tourney 2708 (25 5)"]
[Site "Internet Chess Club"]
[Date "2021.10.16"]
[Round "1"]
[White "BYSIEK, JULIANA RENEE:JulianaRenee"]
[Black "MENON, DHRUV:dmenon25"]
[Result "1-0"]
[ICCResult "Black resigns"]
[WhiteElo "639"]
[BlackElo "1202"]
[Opening "Giuoco Piano"]
[ECO "C54"]
[NIC "IG.02"]
[Time "11:00:42"]
[TimeControl "1500+5"]

1. e4 e5 2. Nf3 Nc6 3. Bc4 Bc5 4. c3 Nf6 5. d3 O-O 6. O-O d6 7. Nbd2 Be6 8.
Bxe6 fxe6 9. Re1 Ng4 10. Re2 h5 11. Nf1 h4 12. Bg5 Qe8 13. Bxh4 Qh5 14. Ng3
Qh7 15. h3 Nf6 16. b4 Bb6 17. a4 a5 18. b5 Ne7 19. Re1 Ng6 20. Bg5 Nf4 21.
Bxf4 exf4 22. Ne2 g5 23. Nxg5 Qh4 24. Nf3 Qxf2+ 25. Kh1 Qc5 26. Nxf4 Qh5 27.
Nxh5 Nxh5 28. Nh4 Ng3+ 29. Kh2 Bf2 30. Qg4+ Kf7 31. Qg6+ Ke7 32. Qg7+ Kd8
{Black resigns}
1-0

[Event "ICC tourney 2708 (25 5)"]
[Site "Internet Chess Club"]
[Date "2021.10.16"]
[Round "1"]
[White "BYSIEK, SYLVIA GRACE:SylviaGrace"]
[Black "BHEEMAVARAPU, SREEKAR:K09-16737643"]
[Result "1-0"]
[ICCResult "Black checkmated"]
[WhiteElo "569"]
[BlackElo "1111"]
[Opening "King's pawn game"]
[ECO "C50"]
[NIC "IG.03"]
[Time "11:18:30"]
[TimeControl "1500+5"]

1. e4 e5 2. Nf3 Nc6 3. Bc4 h6 4. c3 Nf6 5. d3 Be7 6. O-O O-O 7. Nbd2 Re8 8.
Re1 d6 9. Nf1 Bg4 10. h3 Bh5 11. Ng3 Bxf3 12. Qxf3 a6 13. Nf5 b5 14. Bb3 Rb8
15. Qg3 Nh5 16. Qg4 Bf6 17. Nxh6+ Kh7 18. Nxf7 Qe7 19. Qxh5+ Kg8 20. Qh8#
{Black checkmated}
1-0

[Event "ICC tourney 2708 (25 5)"]
[Site "Internet Chess Club"]
[Date "2021.10.16"]
[Round "1"]
[White "ZHAO, DANSON:K01-30127679"]
[Black "Rajesh Kumar, Aarush:aarushrk"]
[Result "1-0"]
[ICCResult "Black checkmated"]
[WhiteElo "1237"]
[BlackElo "714"]
[Opening "Three knights game"]
[ECO "C46"]
[NIC "KP.06"]
[Time "11:01:35"]
[TimeControl "1500+5"]

1. e4 e5 2. Nf3 Nc6 3. Nc3 Bb4 4. d3 Nf6 5. Bg5 Bxc3+ 6. bxc3 O-O 7. Be2 h6
8. Bh4 g5 9. Bg3 Re8 10. O-O Ng4 11. h3 Nf6 12. Nh2 d5 13. exd5 Nxd5 14. Qd2
b6 15. Bf3 Nf6 16. Bxc6 Bf5 17. Bxe8 Qxe8 18. Nf3 e4 19. Nd4 Bg6 20. Rfe1 c5
21. Nb3 Rd8 22. Rad1 a5 23. Qe2 a4 24. Nc1 b5 25. a3 e3 26. Qxe3 Qxe3 27.
fxe3 Bh5 28. Rd2 Ne4 29. Rf2 Nxf2 30. Kxf2 c4 31. Be5 Re8 32. Bd4 f5 33. Na2
f4 34. exf4 Rxe1 35. Kxe1 gxf4 36. Be5 f3 37. gxf3 Bxf3 38. h4 Kf7 39. Kd2
Ke6 40. Bf4 h5 41. Nc1 Kf5 42. Bg5 Kg4 43. Ne2 Kh3 44. Nd4 Kg2 45. Nxb5 cxd3
46. cxd3 Kg3 47. Nd4 Bg4 48. c4 Bc8 49. Kc3 Bd7 50. Nb5 Kg4 51. Kb4 Kf5 52.
Kxa4 Ke6 53. d4 Kf7 54. Kb4 Ke6 55. Nc7+ Kf7 56. a4 Kg8 57. a5 Bc8 58. a6
Bxa6 59. Nxa6 Kh8 60. c5 Kg8 61. c6 Kh8 62. c7 Kg8 63. c8=Q+ Kh7 64. Qd7+
Kg8 65. Bf6 Kf8 66. Qg7+ Ke8 67. Nc7# {Black checkmated} 1-0

[Event "ICC tourney 2708 (25 5)"]
[Site "Internet Chess Club"]
[Date "2021.10.16"]
[Round "1"]
[White "SELVAMANI, MADHUSHAN:K03-17115543"]
[Black "FROOM, JARED MICHAEL:littleprince428"]
[Result "1-0"]
[ICCResult "Black checkmated"]
[WhiteElo "1191"]
[BlackElo "617"]
[Opening "Giuoco Pianissimo"]
[ECO "C50"]
[NIC "IG.02"]
[Time "11:26:17"]
[TimeControl "1500+5"]

1. e4 e5 2. Nf3 Nc6 3. Bc4 Bc5 4. d3 Nf6 5. Bg5 O-O 6. Nc3 h6 7. Bh4 d6 8.
Nd5 Bg4 9. Nxf6+ gxf6 10. Qd2 Nd4 11. Nxd4 Bxd4 12. c3 Bb6 13. Qxh6 f5 14.
Bxd8 Rfxd8 15. Qf6 Rd7 16. exf5 Kf8 17. Qh8+ Ke7 18. f6# {Black checkmated}
1-0

[Event "ICC tourney 2708 (25 5)"]
[Site "Internet Chess Club"]
[Date "2021.10.16"]
[Round "1"]
[White "KALAVAKURU, SRI DIYA:dkalavakuru"]
[Black "SCHEFF, HOLDEN:K05-30152348"]
[Result "1-0"]
[ICCResult "Black checkmated"]
[WhiteElo "892"]
[BlackElo "327"]
[Opening "Giuoco Piano: four knights variation"]
[ECO "C47"]
[NIC "KP.06"]
[Time "11:26:57"]
[TimeControl "1500+5"]

1. e4 e5 2. Nf3 Nc6 3. Nc3 Nf6 4. Bc4 Bc5 5. O-O O-O 6. d3 d6 7. Bg5 h6 8.
Bh4 g5 9. Nxg5 hxg5 10. Bxg5 Bg4 11. Bxf6 Bxd1 12. Bxd8 Raxd8 13. Raxd1 Kg7
14. Nd5 Nd4 15. c3 Nc2 16. Rc1 Ne3 17. Nxe3 Bxe3 18. fxe3 f6 19. Rf3 Rf7 20.
Bxf7 Kxf7 21. d4 exd4 22. exd4 c5 23. Rd1 cxd4 24. Rxd4 Ke7 25. a3 a6 26. h3
Kf7 27. Rc4 d5 28. exd5 Rxd5 29. Rc7+ Ke6 30. Rxb7 a5 31. Rb6+ Ke5 32. Rfxf6
a4 33. Rbe6# {Black checkmated} 1-0

[Event "ICC tourney 2708 (25 5)"]
[Site "Internet Chess Club"]
[Date "2021.10.16"]
[Round "1"]
[White "KOGAN, JONATHAN:jkshark"]
[Black "GAW, ZACHARY:zman-g"]
[Result "0-1"]
[ICCResult "White checkmated"]
[WhiteElo "443"]
[BlackElo "946"]
[Opening "Giuoco Piano"]
[ECO "C50"]
[NIC "IG.02"]
[Time "11:18:30"]
[TimeControl "1500+5"]

1. e4 e5 2. Nf3 Nc6 3. Bc4 Bc5 4. O-O Nf6 5. d3 h6 6. Nc3 O-O 7. Be3 Bb6 8.
h3 d6 9. Re1 Nd4 10. Nb5 Nxb5 11. Bxb5 c6 12. Bc4 d5 13. Bb3 d4 14. Bd2 Re8
15. c3 dxc3 16. Bxc3 Bd4 17. Bxd4 exd4 18. Bc4 b5 19. Bb3 Be6 20. Ne5 Bxb3
21. Qc2 Bxc2 22. Nxc6 Qc7 23. Nxd4 Bxd3 24. Rac1 Qf4 25. f3 Rac8 26. Rcd1
Bc2 27. Rc1 Qd2 28. Nxc2 Rxc2 29. Rcd1 Qxg2# {White checkmated} 0-1

[Event "ICC tourney 2708 (25 5)"]
[Site "Internet Chess Club"]
[Date "2021.10.16"]
[Round "2"]
[White "VYAS, SOHUM:sovy"]
[Black "MURPHY ZEDLEWSKI, JACK:K01-30079933"]
[Result "0-1"]
[ICCResult "White checkmated"]
[WhiteElo "224"]
[BlackElo "542"]
[Opening "Vienna game"]
[ECO "C25"]
[NIC "VG.04"]
[Time "12:30:42"]
[TimeControl "1500+5"]

1. e4 e5 2. Nc3 Bc5 3. Nf3 Nc6 4. Bc4 Nd4 5. Nxd4 Bxd4 6. b3 Nf6 7. Bb2 Ng4
8. O-O Qh4 9. Re1 Qxf2+ 10. Kh1 Qg1+ 11. Rxg1 Nf2# {White checkmated} 0-1

[Event "ICC tourney 2708 (25 5)"]
[Site "Internet Chess Club"]
[Date "2021.10.16"]
[Round "2"]
[White "VYAS, RUTAM:ruvy"]
[Black "VOLOSHIN, VANYA:Vanya-long"]
[Result "0-1"]
[ICCResult "White checkmated"]
[WhiteElo "432"]
[BlackElo "808"]
[Opening "Giuoco Piano: four knights variation"]
[ECO "C47"]
[NIC "KP.06"]
[Time "12:30:15"]
[TimeControl "1500+5"]

1. e4 e5 2. Nf3 Nc6 3. Nc3 Nf6 4. Bc4 Bc5 5. b3 d6 6. Bb2 Bg4 7. d3 Nd4 8.
Nd5 Nxf3+ 9. gxf3 Nxd5 10. Bxd5 Bd7 11. Rg1 Qh4 12. Rxg7 Qxf2#
{White checkmated}
0-1

[Event "ICC tourney 2708 (25 5)"]
[Site "Internet Chess Club"]
[Date "2021.10.16"]
[Round "2"]
[White "BHEEMAVARAPU, SREEKAR:K09-16737643"]
[Black "KOGAN, JONATHAN:jkshark"]
[Result "1-0"]
[ICCResult "Black checkmated"]
[WhiteElo "1111"]
[BlackElo "443"]
[Opening "Ruy Lopez: classical (Cordel) defense"]
[ECO "C64"]
[NIC "RL.01"]
[Time "12:30:28"]
[TimeControl "1500+5"]

1. e4 e5 2. Nf3 Nc6 3. Bb5 Bc5 4. O-O d6 5. Nc3 Nf6 6. d3 O-O 7. Bg5 h6 8.
Bh4 Bg4 9. h3 Bh5 10. Nd5 Nd4 11. Nxf6+ gxf6 12. Bc4 Nxf3+ 13. gxf3 Kh8 14.
Kh2 Rg8 15. Rg1 a5 16. Qd2 Bxf3 17. Qxh6# {Black checkmated} 1-0

[Event "ICC tourney 2708 (25 5)"]
[Site "Internet Chess Club"]
[Date "2021.10.16"]
[Round "2"]
[White "FROOM, JARED MICHAEL:littleprince428"]
[Black "ZHENG TORGERSEN, OLIVER:K03-30051881"]
[Result "1-0"]
[ICCResult "Black checkmated"]
[WhiteElo "617"]
[BlackElo "285"]
[Opening "Giuoco Piano"]
[ECO "C54"]
[NIC "IG.02"]
[Time "12:30:18"]
[TimeControl "1500+5"]

1. e4 e5 2. Nf3 Nc6 3. Bc4 Bc5 4. c3 Nf6 5. d4 Qe7 6. dxc5 Qxc5 7. b3 Ng4 8.
Be3 Nxe3 9. fxe3 Qxe3+ 10. Qe2 Qc1+ 11. Kf2 Qxh1 12. Ng5 d6 13. Bxf7+ Kf8
14. Qf3 Qc1 15. Be6+ Ke8 16. Qf7+ Kd8 17. Bxc8 Rxc8 18. Ne6# {Black
checkmated} 1-0

[Event "ICC tourney 2708 (25 5)"]
[Site "Internet Chess Club"]
[Date "2021.10.16"]
[Round "2"]
[White "Rajesh Kumar, Aarush:aarushrk"]
[Black "VYAS, ANANDITA:Anavy"]
[Result "1-0"]
[ICCResult "Black checkmated"]
[WhiteElo "714"]
[BlackElo "384"]
[Opening "King's gambit"]
[ECO "C30"]
[NIC "KG.05"]
[Time "12:30:16"]
[TimeControl "1500+5"]

1. e4 e5 2. f4 Nc6 3. Nf3 Qe7 4. Nc3 Nf6 5. Nb5 a6 6. Nxc7+ Kd8 7. Nxa8 Qe8
8. Nb6 Bc5 9. Nxc8 Kxc8 10. Bc4 Bb6 11. b3 Qe7 12. Bb2 Qc5 13. Rf1 Ng4 14.
fxe5 Nxh2 15. Nxh2 Nd4 16. c3 Nf5 17. exf5 g6 18. d4 Qd6 19. exd6 Bxd4 20.
cxd4 gxf5 21. d5 f4 22. Bxh8 b5 23. Bd3 h5 24. Qxh5 f6 25. Qe8+ Kb7 26. Bxf6
Kb6 27. g4 Kc5 28. g5 Kxd5 29. g6 Kxd6 30. g7 Kd5 31. g8=Q+ Kd6 32. Qe7+ Kc6
33. Qc8+ Kd5 34. Qexd7# {Black checkmated} 1-0

[Event "ICC tourney 2708 (25 5)"]
[Site "Internet Chess Club"]
[Date "2021.10.16"]
[Round "2"]
[White "BANERJEE, ARJUN:ARJUNCHESS05"]
[Black "AMBROSE FOSTER, JACK:K06-16314407"]
[Result "0-1"]
[ICCResult "White checkmated"]
[WhiteElo "813"]
[BlackElo "1039"]
[Opening "Caro-Kann defense"]
[ECO "B10"]
[NIC "CK.01"]
[Time "12:30:18"]
[TimeControl "1500+5"]

1. e4 c6 2. Nf3 d5 3. Bd3 dxe4 4. Bxe4 Nf6 5. Bd3 g6 6. O-O Bg7 7. Nc3 O-O
8. a3 Bg4 9. h3 Be6 10. Qe2 Nbd7 11. Ne4 h6 12. Qe3 Nd5 13. Qe2 N7f6 14. Bc4
Nf4 15. Qe3 Bxc4 16. Qxf4 Bxf1 17. Nxf6+ exf6 18. Kxf1 Re8 19. d3 Qe7 20.
Be3 f5 21. Rb1 Kh7 22. c3 Qd7 23. Nd4 c5 24. Nb3 Qxd3+ 25. Kg1 Qxb1+ 26. Bc1
Re1+ 27. Kh2 Be5 28. Qxe5 Rxe5 29. Bf4 Qe4 30. Bxe5 Qxe5+ 31. g3 Qe2 32. Kg2
Qxb2 33. Nxc5 Qxc3 34. Nxb7 Qc6+ 35. f3 Qxb7 36. g4 fxg4 37. hxg4 Rc8 38.
Kg3 Qb3 39. Kh4 g5+ 40. Kh5 Qxf3 41. a4 Qh3# {White checkmated} 0-1

[Event "ICC tourney 2708 (25 5)"]
[Site "Internet Chess Club"]
[Date "2021.10.16"]
[Round "2"]
[White "KOKA, SAHARSH:saharsh2"]
[Black "NALAMALPU, ASHIKA REDDY:AshikaN"]
[Result "1-0"]
[ICCResult "Black checkmated"]
[WhiteElo "994"]
[BlackElo "885"]
[Opening "Sicilian: Najdorf, Byrne (English) attack"]
[ECO "B90"]
[NIC "SI.14"]
[Time "12:30:22"]
[TimeControl "1500+5"]

1. e4 c5 2. Nf3 d6 3. d4 cxd4 4. Nxd4 Nf6 5. Nc3 a6 6. Be3 e5 7. Nf3 Be7 8.
Bc4 O-O 9. O-O Bg4 10. h3 Be6 11. Bxe6 fxe6 12. Re1 Nc6 13. a3 d5 14. exd5
exd5 15. Bg5 d4 16. Bxf6 dxc3 17. Qxd8 Raxd8 18. Bxe7 Nxe7 19. bxc3 Nc6 20.
Nxe5 Nxe5 21. Rxe5 Rd2 22. f3 Rxc2 23. Rc5 Re8 24. Rb1 Ra2 25. Rxb7 Rae2 26.
Rcc7 Kf8 27. Rxg7 R8e7 28. Rgxe7 Rxe7 29. Rxe7 Kxe7 30. Kf2 Kd6 31. Ke3 Kc5
32. Kd3 Kd5 33. c4+ Kc5 34. f4 Kd6 35. Kd4 a5 36. c5+ Kc6 37. f5 Kd7 38. Kd5
Ke7 39. c6 Kf6 40. c7 Kxf5 41. c8=Q+ Kf4 42. Qg4+ Ke3 43. Qe4+ Kd2 44. Kd4
a4 45. Qd3+ Ke1 46. Qc2 h5 47. g3 Kf1 48. Ke3 Kg1 49. Kf3 Kh1 50. Qg2#
{Black checkmated}
1-0

[Event "ICC tourney 2708 (25 5)"]
[Site "Internet Chess Club"]
[Date "2021.10.16"]
[Round "2"]
[White "KANTEM, SAMANVI:samanvikantem"]
[Black "ZHAO, DANSON:K01-30127679"]
[Result "0-1"]
[ICCResult "White resigns"]
[WhiteElo "929"]
[BlackElo "1237"]
[Opening "Giuoco Piano"]
[ECO "C50"]
[NIC "IG.02"]
[Time "12:30:42"]
[TimeControl "1500+5"]

1. e4 e5 2. Nf3 Nc6 3. Bc4 Bc5 4. O-O Nf6 5. Nc3 d6 6. d3 h6 7. h3 O-O 8. a3
a6 9. b4 Bb6 10. Be3 Bxe3 11. fxe3 Be6 12. Nd5 Bxd5 13. exd5 Ne7 14. e4 b5
15. Bb3 Ng6 16. Qe1 Nf4 17. Nh4 N6h5 18. Nf5 Kh7 19. Kh2 g6 20. Nh4 g5 21.
Nf5 Ng6 22. Qf2 Qd7 23. Qe3 Ng7 24. Rae1 Rad8 25. g3 Nxf5 26. exf5 Ne7 27.
g4 Ng8 28. f6 Kh8 29. c3 Rde8 30. Bc2 Qd8 31. Qf3 Nxf6 32. Qxf6+ Qxf6 33.
Rxf6 Kg7 34. Ref1 Re7 35. Kg3 Rh8 36. h4 Rf8 37. d4 exd4 38. cxd4 Re3+ 39.
Kf2 Rxa3 40. Ke1 Ra1+ 41. Bd1 gxh4 42. Kd2 Ra2+ 43. Kc1 h3 44. Kb1 Rd2 45.
Bc2 Rxd4 46. Bg6 Rxb4+ 47. Kc2 Rxg4 48. Bf5 Rg2+ 49. Kd1 Kxf6 50. Bxh3+ Kg6
51. Bxg2 Re8 52. Kd2 Re5 53. Kd3 Rg5 54. Be4+ Kg7 55. Bf5 h5 56. Ke4 f6 57.
Ra1 Kh6 58. Rxa6 h4 59. Ra8 Rg7 60. Kf4 Rf7 61. Rh8+ Kg7 62. Rxh4 Re7 63.
Rh7+ Kf8 64. Be6 Rxh7 65. Bd7 b4 66. Ba4 Rh5 67. Kg4 Rxd5 68. Kf4 Ra5 69.
Bb3 Ra3 70. Bc4 b3 71. Bd3 b2 72. Bc2 Ra1 73. Ke4 b1=Q 74. Bxb1 Rxb1
{White resigns}
0-1

[Event "ICC tourney 2708 (25 5)"]
[Site "Internet Chess Club"]
[Date "2021.10.16"]
[Round "2"]
[White "MENON, DHRUV:dmenon25"]
[Black "PATHMANABAN, SIDDHARTH:Siddharth831"]
[Result "1-0"]
[ICCResult "Black checkmated"]
[WhiteElo "1202"]
[BlackElo "401"]
[Opening "Two knights defense"]
[ECO "C57"]
[NIC "KP.01"]
[Time "12:46:24"]
[TimeControl "1500+5"]

1. e4 e5 2. Nf3 Nc6 3. Bc4 Nf6 4. Ng5 Be7 5. Nxf7 Rf8 6. Nxd8 Bxd8 7. Nc3
Be7 8. Nd5 Nxd5 9. exd5 Nd4 10. Qh5+ Rf7 11. Kd1 d6 12. c3 Nf5 13. g4 Nh6
14. g5 Bg4+ 15. Qxg4 Nxg4 16. Ke1 Nxf2 17. Rf1 Bxg5 18. Rxf2 Rxf2 19. Kxf2
O-O-O 20. Ke2 Rf8 21. d3 Bh4 22. Be3 e4 23. dxe4 g5 24. Rg1 h6 25. Rf1 Rxf1
26. Kxf1 Kd7 27. Bd4 Ke7 28. Bg7 Kf7 29. Bxh6 Kg6 30. Bf8 g4 31. e5 dxe5 32.
Bd3+ Kg5 33. Be7+ Kf4 34. Bxh4 e4 35. Bg3+ Kf3 36. Be2+ Ke3 37. Bxc7 b5 38.
d6 b4 39. cxb4 g3 40. hxg3 Kd4 41. d7 Ke3 42. d8=Q a6 43. Bb6#
{Black checkmated}
1-0

[Event "ICC tourney 2708 (25 5)"]
[Site "Internet Chess Club"]
[Date "2021.10.16"]
[Round "2"]
[White "Romanyuk, Nikita:NikitaR"]
[Black "ADDURI, MANSI:K03-17004388"]
[Result "0-1"]
[ICCResult "White checkmated"]
[WhiteElo "732"]
[BlackElo "963"]
[Opening "Scandinavian (center counter) defense"]
[ECO "B01"]
[NIC "SD.02"]
[Time "12:30:42"]
[TimeControl "1500+5"]

1. e4 d5 2. exd5 Qxd5 3. Nc3 Qd8 4. Nf3 Nf6 5. d4 Bf5 6. Bd3 Bg4 7. Be2 h6
8. h3 Bh5 9. O-O e6 10. Ne5 Bxe2 11. Nxe2 Bd6 12. Nf3 Nc6 13. Re1 O-O 14. c3
Re8 15. Ng3 Qe7 16. b3 Rad8 17. Ne4 Nxe4 18. Rxe4 Qf6 19. Bd2 Qf5 20. Re2 e5
21. dxe5 Nxe5 22. Nxe5 Bxe5 23. Qc1 Bh2+ 24. Kxh2 Rxe2 25. Be3 Qc2 26. Qxc2
Rxc2 27. c4 f6 28. Bxa7 b6 29. a4 Ra8 30. Bxb6 cxb6 31. Rb1 Rxf2 32. Kg3 Rd2
33. Kf3 Kf7 34. g3 Ke6 35. Re1+ Kf7 36. Re3 Rad8 37. h4 R2d3 38. g4 g5 39.
h5 R8d4 40. Rxd3 Rxd3+ 41. Ke4 Rxb3 42. Kd5 Rb4 43. Kc6 Rxc4+ 44. Kxb6 Rxa4
45. Kc5 Rxg4 46. Kd5 f5 47. Ke5 f4 48. Ke4 Rg3 49. Kf5 f3 50. Ke5 f2 51. Kd4
f1=Q 52. Kd5 Qe1 53. Kd4 Rg2 54. Kd5 Rd2+ 55. Kc4 Qc1+ 56. Kb3 Rb2+ 57. Ka3
Qa1# {White checkmated} 0-1

[Event "ICC tourney 2708 (25 5)"]
[Site "Internet Chess Club"]
[Date "2021.10.16"]
[Round "2"]
[White "GAW, CHRISTIAN:cman-g"]
[Black "SELVAMANI, MADHUSHAN:K03-17115543"]
[Result "0-1"]
[ICCResult "White checkmated"]
[WhiteElo "887"]
[BlackElo "1191"]
[Opening "Giuoco Piano"]
[ECO "C50"]
[NIC "IG.02"]
[Time "12:30:19"]
[TimeControl "1500+5"]

1. e4 e5 2. Nf3 Nc6 3. Bc4 Bc5 4. O-O d6 5. h3 h6 6. d3 Nf6 7. Nbd2 O-O 8.
Re1 Nd4 9. Nxd4 Bxd4 10. Nf3 c6 11. Be3 Bxb2 12. Rb1 Bc3 13. Re2 a5 14. a3
b5 15. Ba2 a4 16. Bd2 Bxd2 17. Qxd2 Bd7 18. Rd1 Qe7 19. Nh4 Rfe8 20. Nf5
Bxf5 21. exf5 Qd7 22. Re3 Qxf5 23. Rg3 Qf4 24. Qe2 e4 25. dxe4 Qxe4 26. Re3
Qf4 27. g3 Rxe3 28. Qxe3 Qxe3 29. fxe3 d5 30. c3 Re8 31. Re1 Ne4 32. Kg2
Nxc3 33. Bb1 Nxb1 34. Rxb1 Rxe3 35. Rc1 Rxa3 36. Rxc6 b4 37. Rb6 b3 38. Kf2
Ra2+ 39. Ke3 b2 40. Kd3 a3 41. Kc2 Ra1 42. Rb8+ Kh7 43. g4 Rc1+ 44. Kd2 b1=Q
45. Rxb1 Rxb1 46. Kd3 a2 47. Kd4 a1=Q+ 48. Kxd5 Rd1+ 49. Kc4 Qa2+ 50. Kc3
Qd2+ 51. Kb3 Rc1 52. h4 Rc3+ 53. Kb4 Qb2+ 54. Ka5 Ra3# {White checkmated}
0-1

[Event "ICC tourney 2708 (25 5)"]
[Site "Internet Chess Club"]
[Date "2021.10.16"]
[Round "2"]
[White "GAW, ZACHARY:zman-g"]
[Black "BYSIEK, JULIANA RENEE:JulianaRenee"]
[Result "1-0"]
[ICCResult "Black checkmated"]
[WhiteElo "946"]
[BlackElo "639"]
[Opening "Two knights defense"]
[ECO "C58"]
[NIC "KP.01"]
[Time "12:30:15"]
[TimeControl "1500+5"]

1. e4 e5 2. Nf3 Nc6 3. Bc4 Nf6 4. Ng5 d5 5. exd5 Na5 6. Bb5+ c6 7. dxc6 bxc6
8. Ba4 h6 9. Nf3 e4 10. Qe2 Bg4 11. h3 Bxf3 12. gxf3 Bb4 13. c3 Bc5 14. d4
Bb6 15. fxe4 O-O 16. Rg1 Re8 17. f3 c5 18. Bxe8 Qxe8 19. Qg2 Nh5 20. Qg4 g6
21. Qxh5 cxd4 22. Bxh6 dxc3 23. Rg2 cxb2 24. Rxb2 gxh5 25. Rg2+ Kh7 26. Bg7
Rc8 27. Nc3 Nc4 28. Nd5 Ba5+ 29. Ke2 Qb5 30. Nf6# {Black checkmated} 1-0